Map: Old Republic LE

Players

yors - Winner!

  • Race: Zerg Zerg
  • League: Platinum
  • Spawn Location: 1:00

Dunkel

  • Race: Zerg Zerg
  • League: Gold
  • Spawn Location: 7:00

VOD

Have the link to the VOD?

Description

Time

  • Played on: June 20, 2026, 7:12 p.m.
  • Length: 19:57
Show
View Real Time Build Order
Export as new Build Order

yors Zerg - Winner!

Build Orders: Hatch First 

Get SALT Encoding   

  12  0:04  Drone  
  13  0:13  Overlord  
  13  0:19  Drone  
  14  0:32  Drone  
  14  0:33  Drone  
  16  0:58  Drone x2  
  16  1:00  Hatchery  
  17  1:05  Drone  
  17  1:09  Extractor  
  17  1:19  Spawning Pool  
  17  1:22  Drone  
  17  1:25  Drone  
  18  1:35  Drone  
  19  1:41  Drone  
  20  2:06  Queen  
  22  2:12  Queen  
  22  2:14  Overlord  
  24  2:18  Drone x2  
  24  2:20  Metabolic Boost  
  26  2:27  Drone x2  
  28  2:40  Zergling x4  
  30  2:53  Zergling x2  
  30  2:58  Overlord  
  31  3:53  Zergling x2  
  31  3:54  Zergling x18  
  41  4:20  Drone x2  
  41  4:22  Drone  
  44  4:25  Overlord  
  44  4:26  Lair  
  44  4:49  Queen  
  44  4:52  Zergling x6  
  49  5:08  Zergling x2  
  50  5:57  Drone x2  
  51  6:38  Evolution Chamber  
  51  6:39  Queen  
  50  6:44  Spire  
  51  6:47  Extractor, Drone x2  
  51  6:52  Overlord  
  51  6:53  Extractor  
  51  7:00  Spine Crawler  
  50  7:03  Spine Crawler  
  50  7:08  Zerg Melee Weapons Level 1  
  49  7:18  Queen  
  51  7:52  Drone x2  
  51  7:54  Mutalisk x2  
  51  7:55  Mutalisk  
  51  7:56  Overlord  
  59  8:31  Mutalisk x4  
  59  8:33  Overlord x3  
  67  9:02  Extractor  
  66  9:08  Baneling Nest  
  66  9:09  Drone  
  66  9:13  Zerg Flyer Weapons Level 1  
  66  9:16  Zerg Ground Armor Level 1  
  66  9:21  Drone  
  66  9:22  Drone  
  66  9:23  Evolution Chamber  
  67  9:30  Spine Crawler  
  66  9:32  Drone x3  
  66  9:35  Spine Crawler  
  68  9:54  Mutalisk  
  68  9:55  Mutalisk x2  
  74  10:03  Drone x3  
  74  10:04  Drone  
  74  10:06  Drone x2  
  81  10:07  Drone x4  
  81  10:10  Queen  
  86  10:17  Infestation Pit  
  86  10:20  Spire  
  84  10:52  Mutalisk x4  
  84  10:55  Overlord x4  
  92  11:12  Zerg Melee Weapons Level 2  
  92  11:31  Pneumatized Carapace  
  92  11:35  Spore Crawler  
  92  11:36  Drone  
  92  11:43  Spore Crawler  
  92  11:44  Drone  
  92  11:52  Spore Crawler  
  91  11:58  Drone x2  
  93  12:16  Zerg Flyer Armor Level 1  
  93  12:22  Baneling x2  
  93  12:23  Baneling x7  
  93  12:24  Baneling x6  
  93  12:25  Baneling  
  93  12:29  Zergling x8  
  98  12:30  Zergling x12  
  98  12:31  Zergling x8  
  98  12:32  Zergling x10  
  112  13:08  Mutalisk  
  112  13:09  Mutalisk x5  
  124  13:31  Spine Crawler  
  123  13:46  Spore Crawler, Drone  
  123  13:49  Drone  
  123  13:51  Overlord x2  
  123  13:52  Overlord x2  
  124  14:05  Zerg Ground Armor Level 2  
  124  14:14  Spore Crawler  
  123  14:27  Spore Crawler  
  123  14:30  Spore Crawler  
  121  14:41  Centrifugal Hooks  
  121  14:45  Hive  
  121  14:55  Spore Crawler  
  121  14:59  Spore Crawler  
  119  15:10  Spore Crawler  
  119  15:11  Drone  
  119  15:13  Drone  
  120  15:22  Spore Crawler  
  119  15:36  Spore Crawler, Drone  
  119  15:54  Spore Crawler  
  119  15:55  Spore Crawler  
  118  16:00  Spore Crawler  
  117  16:04  Burrow  
  117  16:08  Spore Crawler  
  117  16:10  Spore Crawler  
  115  16:12  Spore Crawler  
  115  16:15  Spore Crawler  
  113  16:19  Spore Crawler  
  113  16:21  Spore Crawler  
  111  16:36  Corruptor x6, Spore Crawler  
  111  16:37  Corruptor x4  
  111  16:38  Mutalisk  
  111  16:39  Mutalisk x5  
  142  16:58  Overseer  
  142  17:00  Overseer  
  142  17:02  Overseer  
  142  17:04  Overseer  
  142  17:06  Overseer  
  122  18:06  Mutalisk x5  
  106  19:30  Zergling x2  
  106  19:31  Zergling x36  
Show
View Real Time Build Order
Export as new Build Order

Dunkel Zerg 

Build Orders: Hatch First 

Get SALT Encoding   

  12  0:01  Drone  
  13  0:15  Drone  
  14  0:36  Hatchery  
  13  0:47  Spawning Pool  
  12  0:52  Drone  
  12  0:57  Drone  
  14  1:04  Overlord  
  14  1:10  Extractor  
  13  1:23  Drone  
  14  1:34  Queen  
  14  1:35  Zergling x4  
  18  1:49  Zergling x4  
  18  1:52  Drone  
  21  2:02  Zergling x2  
  22  2:08  Drone  
  23  2:22  Drone x2  
  25  2:26  Metabolic Boost  
  25  2:29  Drone x2  
  27  2:40  Roach Warren  
  27  2:41  Drone  
  27  2:42  Drone  
  28  2:47  Overlord  
  28  3:19  Zergling x2  
  29  3:20  Zergling x4  
  29  3:23  Zergling x6  
  33  3:42  Queen  
  35  3:50  Overlord x3  
  35  3:53  Lair  
  33  4:21  Roach x3  
  33  4:24  Zergling x10  
  44  4:31  Evolution Chamber  
  43  4:44  Drone  
  43  4:45  Drone  
  45  4:54  Evolution Chamber  
  45  4:56  Drone x3  
  45  4:59  Extractor  
  46  5:06  Evolution Chamber  
  45  5:08  Ravager x3  
  48  5:17  Spine Crawler x2  
  46  5:23  Drone x3  
  46  5:27  Overlord, Drone  
  46  5:28  Drone  
  51  5:32  Zerg Melee Weapons Level 1  
  51  5:53  Evolution Chamber  
  51  5:56  Roach x3  
  56  6:00  Extractor  
  56  6:03  Drone x5  
  60  6:17  Baneling Nest  
  59  6:29  Drone x2  
  59  6:30  Drone  
  62  6:32  Queen  
  64  6:43  Zergling x2  
  65  6:58  Zerg Missile Weapons Level 1  
  65  6:59  Evolution Chamber  
  65  7:00  Drone  
  65  7:08  Queen  
  65  7:13  Glial Reconstitution  
  67  7:19  Spire  
  66  7:23  Roach  
  68  7:36  Overlord x3  
  68  7:37  Overlord  
  67  8:15  Infestation Pit  
  67  8:16  Zergling x4  
  67  8:17  Drone x4  
  72  8:24  Extractor  
  72  8:26  Ravager x4  
  75  8:44  Mutalisk x2  
  79  9:00  Mutalisk  
  79  9:01  Mutalisk  
  83  9:17  Drone x2  
  83  9:18  Drone x4  
  89  9:45  Corruptor  
  89  9:46  Corruptor  
  89  9:47  Infestor  
  95  9:54  Hive  
  95  9:59  Hatchery  
  94  10:12  Spore Crawler  
  93  10:18  Spire  
  92  10:26  Zerg Ground Armor Level 1  
  92  10:27  Mutalisk  
  94  10:32  Drone x2  
  94  10:33  Drone x4  
  100  10:36  Overlord x3  
  100  10:55  Overlord x4  
  100  11:08  Overseer  
  100  11:12  Corruptor x2  
  104  11:20  Drone  
  104  11:21  Drone x2  
  107  11:33  Drone x3  
  110  11:42  Queen  
  112  12:05  Extractor  
  112  12:07  Extractor, Drone  
  112  12:08  Drone x2  
  113  12:10  Corruptor  
  113  12:11  Corruptor x2  
  119  12:18  Greater Spire  
  119  12:39  Corruptor x3  
  125  12:47  Drone x3  
  128  12:58  Drone x3  
  131  13:17  Zerg Flyer Weapons Level 1  
  131  13:22  Drone x3, Corruptor  
  131  13:23  Evolution Chamber  
  135  13:31  Brood Lord  
  135  13:32  Brood Lord  
  139  13:35  Drone x4  
  139  13:38  Overlord  
  143  13:56  Brood Lord x2  
  147  14:02  Overseer  
  146  14:23  Drone  
  146  14:24  Drone x5  
  152  14:33  Corruptor x3  
  152  14:38  Overlord x4  
  158  14:49  Zerg Flyer Armor Level 1  
  158  15:01  Overseer  
  158  15:11  Brood Lord x3  
  158  15:12  Brood Lord x2  
  168  15:17  Pneumatized Carapace  
  168  15:26  Zerg Flyer Weapons Level 2  
  168  15:29  Corruptor  
  170  15:58  Hatchery  
  169  16:26  Corruptor x3  
  169  16:31  Zerg Ground Armor Level 2  
  117  17:51  Corruptor x3  
  84  17:54  Corruptor  
  84  17:55  Corruptor x3  
  98  18:01  Corruptor x3  
  104  18:11  Spore Crawler  
  104  18:12  Spore Crawler  
  102  18:13  Zergling x2  
  102  18:15  Zergling x4  
  102  18:17  Mutalisk x3, Spore Crawler  
  102  18:31  Zergling x2  
  102  18:34  Zergling x2  
  83  18:38  Zergling x2  
  83  18:39  Zergling x4  
  57  18:52  Zergling x2  
  57  18:53  Zergling x2  
  58  18:59  Zergling x2  
  55  19:05  Zergling x2  
  55  19:06  Zergling x4  
Tags
 
Add a new tag
Caveats
  • Supply blocks, unpowered buildings, or Contaminate may cause inaccurate times.
  • Supply counts are checked every 10 seconds.